 Dungeon Crawl Stone Soup version 0.25.0-26-g0c896c7 (webtiles) character file.

Game seed: 3935350864777751720

92 sollaires the Shooter (level 4, -5/35 HPs)
             Began as a Centaur Arcane Marksman on July 4, 2020.
             Slain by an orc
             ... wielding a +0 flail
              (7 damage)
             ... on level 3 of the Dungeon.
             The game lasted 00:07:30 (3061 turns).

sollaires the Shooter (Centaur Arcane Marksman)     Turns: 3061, Time: 00:07:30

Health: -5/35      AC:  4    Str: 13    XL:     4   Next: 35%
Magic:  5/5        EV: 10    Int: 12    God:
Gold:   121        SH:  0    Dex: 16    Spells: 4/5 levels left

rFire    . . .     SeeInvis .   (no weapon)
rCold    + . .     Gourm    .   (no shield)
rNeg     . . .     Faith    .   e - +0 robe
rPois    .         Spirit   .   (no helmet)
rElec    .         Reflect  .   (no cloak)
rCorr    .         Harm     .   (no gloves)
MR       .....                  (no barding)
Stlth    +.........             (no amulet)
HPRegen  0.11/turn              s - ring of protection from cold
MPRegen  0.09/turn              b - +6 ring of dexterity

@: very quick
A: large, hooves 3, deformed body, speed 2, tough skin 3
a: no special abilities


You were on level 3 of the Dungeon.
You were not hungry.

You visited 1 branch of the dungeon, and saw 3 of its levels.

You collected 121 gold pieces.

Inventory:

Hand Weapons
 a - a +1 shortbow
Missiles
 d - 39 arrows
Armour
 e - a +0 robe (worn)
Jewellery
 b - a +6 ring of dexterity (right hand)
 g - an uncursed ring of wizardry
 s - a ring of protection from cold (left hand)
Scrolls
 c - 2 scrolls of identify
 h - a scroll of remove curse
 i - a scroll of immolation
 j - a scroll of teleportation
 k - 3 scrolls of magic mapping
 m - a scroll of amnesia
 q - a scroll of random uselessness
Potions
 o - a potion of flight {unknown}
 p - 3 potions of curing {unknown}
 r - 2 potions of stabbing {unknown}
 u - a potion of heal wounds {unknown}
 w - a potion of haste {unknown}
Comestibles
 v - a ration
 x - 3 chunks of flesh


   Skills:
 - Level 1.0 Fighting
 + Level 6.2 Bows
 - Level 1.3 Dodging
 - Level 1.0 Spellcasting
 - Level 2.6 Hexes


You had 4 spell levels left.
You knew the following spells:

 Your Spells              Type           Power        Failure   Level  Hunger
a - Corona                Hex            #......      10%         1    ##.....

Your spell library contained the following spells:

 Spells                   Type           Power        Failure   Level  Hunger
 Slow                     Hex            #.......     16%         2    ###....
 Inner Flame              Hex/Fire       #.......     45%         3    ####...
 Portal Projectile        Hex/Tloc       #.....       45%         3    ####...
 Cause Fear               Hex            #.........   69%         4    #####..
 Leda's Liquefaction      Hex/Erth       #.........   86%         4    #####..


Dungeon Overview and Level Annotations

Branches:
Dungeon (3/15)

Altars:
Trog


Innate Abilities, Weirdness & Mutations

You have hooves in place of feet.
Armour fits poorly on your strangely shaped body.
You cover ground very quickly.
You have extremely tough skin. (AC +3)


Message History

The orc is severely wounded.
The orc hits you with a +0 flail.
You hit the orc.
You kill the orc!
You hit the orc.
The orc is heavily wounded.
The orc hits you but does no damage.
You barely miss the orc. Your kick misses the orc.
The orc is heavily wounded.
You barely miss the orc. Your kick misses the orc.
The orc is heavily wounded.
The orc hits you with a +0 flail!
You closely miss the orc.
The orc is heavily wounded.
The orc hits you with a +0 flail!
* * * LOW HITPOINT WARNING * * *
You hit the orc but do no damage. Your kick misses the orc.
The orc is moderately wounded.
The orc hits you with a +0 flail!
You die...

############ #..........#
#.########.# ************#.#
#.# *,,,,,,,,,,*#@# #.#
*,,,,,,,,,,*#o# #.#
*,,,,,,,,,,*#'#******#.#
*,,,,,,,,,,*...,,,,,,#.#
*,,,,,,,,,,#...(,,,,,#.#
*,,,,,,,,,,#.....,,,,#.#######
*,,,,,,,,,,#......,,,#........
*,,,,,,,,,,#.......,,#########
****,,,,,,,,,,#........,*


You could see an orc.

Vanquished Creatures
  A worker ant (D:1)
  An adder (D:2)
  An ooze (D:1)
  3 worms (D:2)
  2 dart slugs (D:1)
  4 orcs
  2 ball pythons
  6 bats
  3 giant cockroaches
  4 goblins (D:1)
  5 hobgoblins (D:1)
  A quokka (D:3)
  A frilled lizard (D:2)
  A kobold (D:3)
  4 rats
  A plant (D:1)
40 creatures vanquished.

Notes
Turn   | Place    | Note
-------+----------+-------------------------------------------
     0 | D:1      | sollaires the Centaur Arcane Marksman began the quest for
                  | the Orb.
     0 | D:1      | Reached XP level 1. HP: 16/16 MP: 2/2
    35 | D:1      | Reached skill level 3 in Bows
   106 | D:1      | Reached XP level 2. HP: 23/23 MP: 3/3
   231 | D:1      | Reached skill level 4 in Bows
   771 | D:1      | Reached XP level 3. HP: 22/28 MP: 4/4
  1234 | D:1      | Reached skill level 5 in Bows
  1332 | D:2      | Found a bloodstained altar of Trog.
  2049 | D:2      | Reached XP level 4. HP: 33/35 MP: 5/5
  2676 | D:2      | Reached skill level 6 in Bows
  3061 | D:3      | Slain by an orc

Illustrated notes

Levels and vault maps discovered:
D:1:      minmay_arrival_doors, layout_rooms, serial_forest,
          infiniplex_forest_clump_medium, infiniplex_forest_clump_medium,
          infiniplex_forest_pool, infiniplex_forest_end_1,
          infiniplex_forest_corner_1, infiniplex_forest_end_3,
          infiniplex_forest_lined_room_3, infiniplex_forest_lined_room_3,
          infiniplex_forest_clump_tiny
D:2:      layout_loops_ring, bloody_trog
D:3:      layout_basic, led_xom_imps

Skill      XL: |  1  2  3  4 |
---------------+-------------+-----
Bows           | 3 4 5 6 |  6.2
Fighting       | |  1.0
Dodging        | |  1.3
Spellcasting   | |  1.0
Hexes          | |  2.6

Action                   |  1- 3 |  4- 6 || total
-------------------------+-------+-------++-------
Melee: Unarmed           |   175 |    49 ||   224
       Kick              |    51 |    12 ||    63
 Fire: Shortbow          |    23 |    25 ||    48
  Use: Scroll            |       |    10 ||    10
  Eat: Ration            |     1 |       ||     1
       Chunk             |       |     2 ||     2
Armor: Robe              |    46 |     8 ||    54
Dodge: Dodged            |    47 |    19 ||    66
